 Dungeon Crawl Stone Soup version 0.21-a0-394-gdc75ea7 (webtiles) character file.

1982 StormFighter the Fighter (level 9, -11/82 HPs)
             Began as a Mummy Chaos Knight on Oct 18, 2017.
             Killed from afar by an electric eel (12 damage)
             ... with a bolt of electricity
             ... on level 7 of the Dungeon.
             The game lasted 00:21:02 (76643 turns).

StormFighter the Fighter (Mummy Chaos Knight)      Turns: 76643, Time: 00:21:03

Health: -11/82     AC: 10    Str: 18    XL:     9   Next: 1%
Magic:  9/9        EV:  2    Int: 11    God:    Xom [*.....]
Gold:   365        SH:  0    Dex: -1 (12) Spells: 6/8 levels left

rFire    x x .     SeeInvis .   q - +0 battleaxe (elec)
rCold    + + +     Gourm    .   (shield currently unavailable)
rNeg     + + +     Faith    .   e - +0 ice dragon scales
rPois    ∞         Spirit   .   (no helmet)
rElec    .         Reflect  .   (no cloak)
rCorr    +         Harm     .   (no gloves)
MR       +....                  h - +0 pair of boots
Stlth    ..........             (no amulet)
HPRegen  0.23/turn              z - ring of flight
MPRegen  0.11/turn              g - ring of resist corrosion

@: slowed, lost dexterity, very slow
A: no food or potions, fire vulnerability, cold resistance 1, negative energy
resistance 3, torment resistance, unbreathing
a: Renounce Religion, Evoke Flight


You were on level 7 of the Dungeon.
You worshipped Xom.
You were a special plaything of Xom.
You were not hungry.

You visited 2 branches of the dungeon, and saw 8 of its levels.

You collected 365 gold pieces.

Inventory:

Hand Weapons
 a - a +1 hand axe of chaos
 i - a +1 trident of venom
 m - a cursed -2 mace
 q - a +0 battleaxe of electrocution (weapon)
Missiles
 x - 39 arrows
Armour
 e - +0 ice dragon scales (worn)
 h - a +0 pair of boots (worn)
 n - a +0 leather armour of fire resistance
Jewellery
 g - a ring of resist corrosion (right hand)
 l - an uncursed ring of protection from cold
 z - a ring of flight (left hand)
Wands
 s - a wand of digging (16/24)
 t - a wand of clouds (4/9)
 u - a wand of confusion (27/48)
 v - a wand of polymorph (7/24)
 w - a wand of enslavement (13/24)
 A - a wand of lightning (9/15)
 C - a wand of acid (8/15)
Scrolls
 b - 5 scrolls of blinking
 c - a scroll of identify
 d - 5 scrolls of teleportation
 f - 4 scrolls of enchant weapon
 j - a scroll of fear
 k - 4 scrolls of recharging
 o - a scroll of enchant armour
 p - 2 scrolls of remove curse
 r - 2 scrolls of immolation
Miscellaneous
 y - a fan of gales


   Skills:
 + Level 11.6 Fighting
 * Level 3.2 Axes
 - Level 1.5 Armour
 - Level 0.7 Dodging


You had 6 spell levels left.
You knew the following spells:

 Your Spells              Type           Power        Failure   Level  Hunger
a - Sticks to Snakes      Tmut           #.......     92%         2    N/A

Dungeon Overview and Level Annotations

Branches:
Dungeon (7/15)             Temple (1/1) D:7

Altars:
Ashenzari
Cheibriados
Dithmenos
Elyvilon
Fedhas
Gozag
Hepliaklqana
Kikubaaqudgha
Makhleb
Nemelex Xobeh
Okawaru
Qazlal
Ru
Sif Muna
Trog
Uskayaw
Wu Jian
Xom
Yredelemnul
Zin
The Shining One


Innate Abilities, Weirdness & Mutations

You do not eat or drink.
Your flesh is vulnerable to fire.
You are immune to poison.
Your flesh is cold resistant. (rC+)
You are immune to negative energy. (rN+++)
You are immune to unholy pain and torment.
You can survive without breathing.


Message History

The electric eel shoots out a bolt of lightning at you!
The bolt of electricity hits you!
You miss the electric eel.
The electric eel shoots out a bolt of lightning at you!
The bolt of electricity hits you!
* * * LOW HITPOINT WARNING * * *
The electric eel shoots out a bolt of lightning at you!
The bolt of electricity hits you!
* * * LOW HITPOINT WARNING * * *
You closely miss the electric eel.
The electric eel shoots out a bolt of lightning at you!
The bolt of electricity hits you!
* * * LOW HITPOINT WARNING * * *
Xom thinks this is hilarious!
Unknown command.
You closely miss the electric eel.
The electric eel shoots out a bolt of lightning at you!
The bolt of electricity hits you!
You die...
Xom bursts into laughter!

######## .≈g≈...#
.≈≈≈.8.# ....8_8#
.≈≈≈.8.# .≈g≈...# ####
##################....#
# #######.......@.....#
#.......≈≈≈≈.≈≈;≈≈..#
###.#.....≈≈≈≈.≈≈≈≈≈..#
.......##.≈≈≈≈.≈≈≈≈≈..#
.##.#..##.≈≈≈≈.≈≈≈≈≈..#
.##.#.....≈≈≈≈........#
.##.............≈≈≈≈..#
....#.##..≈≈≈≈≈.≈≈≈≈..#
.##.#.....≈≈≈≈≈.≈≈≈≈..#


You could see an electric eel.

Vanquished Creatures
  Duvessa (D:5)
  An orc warrior (D:7)
  2 ogres
  An ice beast (D:5)
  A centaur (D:6)
  Blork the orc (D:5)
  A big kobold (D:7)
  A gnoll sergeant (D:6)
  2 bullfrogs (D:6)
  Dowan (D:5)
  2 howler monkeys
  2 bullfrog zombies
  A jelly (D:5)
  7 orc priests
  A hound (D:5)
  5 orc wizards
  A bullfrog skeleton (D:7)
  An iguana (D:6)
  3 worker ants
  A hound zombie (D:4)
  2 worker ant zombies
  9 gnolls
  8 adders
  3 shadow imps
  2 oozes (D:2)
  2 adder zombies (D:4)
  An adder skeleton (D:5)
  A dart slug (D:3)
  5 leopard geckos
  21 orcs
  A ball python (D:3)
  8 giant cockroaches
  8 goblins
  15 hobgoblins
  4 jackals (D:7)
  4 quokkas
  10 bats
  6 frilled lizards
  2 jackal skeletons (D:4)
  15 kobolds
  A leopard gecko zombie (D:4)
  2 quokka skeletons
  A quokka zombie (D:4)
  12 rats
179 creatures vanquished.

Vanquished Creatures (others)
  An orc (D:3)
1 creature vanquished.

Grand Total: 180 creatures vanquished

Notes
Turn   | Place    | Note
-------+----------+-------------------------------------------
     0 | D:1      | StormFighter the Mummy Chaos Knight began the quest for the Orb.
     0 | D:1      | Reached XP level 1. HP: 18/18 MP: 1/1
    82 | D:1      | XOM: butterfly on damage
    90 | D:1      | Reached XP level 2. HP: 12/24 MP: 2/2
   428 | D:1      | Reached skill level 4 in Fighting
   668 | D:1      | XOM: silly message
   829 | D:1      | Reached XP level 3. HP: 27/30 MP: 3/3
  1177 | D:2      | XOM: harmless Fire miscast
  1400 | D:2      | XOM: harmless Tloc miscast
  1605 | D:2      | Reached XP level 4. HP: 33/38 MP: 4/4
  1654 | D:2      | Reached skill level 5 in Fighting
  1700 | D:2      | XOM: noise
  1876 | D:2      | XOM: harmless Chrm miscast
  2396 | D:3      | XOM: potion effect (heal wounds)
  2402 | D:3      | Reached XP level 5. HP: 32/46 MP: 5/5
  2470 | D:3      | Reached skill level 6 in Fighting
  2632 | D:3      | XOM: polymorph gnoll -> hobgoblin
  2637 | D:3      | XOM: medium Pois miscast
  2651 | D:3      | XOM: confuse monster(s)
  2652 | D:3      | XOM: harmless Tmut miscast
  2654 | D:3      | Reached XP level 6. HP: 38/53 MP: 6/6
  2868 | D:4      | Reached skill level 7 in Fighting
  2958 | D:4      | XOM: god gift: sedimented green potion {god gift}
  3060 | D:4      | XOM: god gift: 59 gold pieces
  3145 | D:4      | XOM: cloud trail
  3358 | D:5      | Entered Level 5 of the Dungeon
  3362 | D:5      | XOM: scenery: create altars
  3370 | D:5      | Reached skill level 8 in Fighting
  3370 | D:5      | Reached XP level 7. HP: 55/62 MP: 7/7
  3589 | D:5      | Noticed Dowan
  3592 | D:5      | Noticed Duvessa
  3611 | D:5      | Killed Duvessa
  3614 | D:5      | Killed Dowan
  3630 | D:5      | Noticed Blork the orc
  3639 | D:5      | Killed Blork the orc
  3639 | D:5      | Reached skill level 9 in Fighting
  3664 | D:5      | XOM: cast spell 'Dispersal'
  3674 | D:5      | XOM: fog
  3684 | D:5      | XOM: butterfly on damage
  3722 | D:5      | XOM: enchant monster (good)
  3853 | D:4      | XOM: cloud trail
  3993 | D:5      | XOM: divination: detect items
  4046 | D:5      | Learned a level 2 spell: Sticks to Snakes
  4067 | D:5      | XOM: 1-stop teleportation journey
  4068 | D:5      | Reached XP level 8. HP: 69/72 MP: 8/8
  4123 | D:5      | XOM: 1-stop teleportation journey
  4305 | D:5      | Reached skill level 10 in Fighting
  4426 | D:5      | XOM: god gift: wand of digging (?/24) {god gift}
  4616 | D:6      | XOM: scenery: create altars
  4742 | D:6      | XOM is BORED!
  4742 | D:6      | XOM: mild Erth miscast
  5205 | D:6      | Reached skill level 11 in Fighting
  5437 | D:6      | XOM: god gift: 19 stones
  5513 | D:7      | Found a staircase to the Ecumenical Temple.
  5513 | D:7      | XOM: 5-stop teleportation journey
  5713 | D:7      | XOM: scenery: create altars
  5827 | D:7      | XOM: summons 3 hostile demons
  5950 | D:7      | XOM: cast spell 'Ring of Flames'
  6152 | D:7      | Reached XP level 9. HP: 78/82 MP: 9/9
  6284 | Temple   | Entered the Ecumenical Temple
  7107 | Temple   | XOM: cloud trail
  7772 | Temple   | XOM: god gift: scroll of recharging
  7980 | Temple   | XOM: medium Ice miscast
  9764 | Temple   | XOM: harmless Fire miscast
  9955 | Temple   | XOM: noise
 10137 | Temple   | XOM: mild Summ miscast
 10585 | Temple   | XOM: god gift: chain mail {god gift}
 10820 | Temple   | XOM: noise
 11026 | Temple   | XOM: harmless Pois miscast
 11822 | Temple   | XOM: divination: detect creatures
 11889 | Temple   | XOM: divination: detect items
 12389 | Temple   | XOM is BORED!
 12389 | Temple   | XOM: harmless Summ miscast
 12599 | Temple   | XOM: harmless Chrm miscast
 13145 | Temple   | XOM: harmless Air miscast
 13383 | Temple   | XOM is BORED!
 13577 | Temple   | XOM: harmless Pois miscast
 13873 | Temple   | XOM: scenery: create altars
 13939 | Temple   | XOM: 2-stop teleportation journey
 14468 | Temple   | XOM: scenery: create altars
 14896 | Temple   | XOM: god gift: 19 arrows
 15040 | Temple   | XOM: divination: detect creatures
 15166 | Temple   | XOM: scenery: create altars
 16531 | Temple   | XOM: scenery: create altars
 16712 | Temple   | XOM: god gift: fan of gales
 16790 | Temple   | Identified Cuki's Catalogue of Ensnaring Conjuration (Xom gifted it to you in the Ecumenical Temple)
 16790 | Temple   | XOM: god gift: Cuki's Catalogue of Ensnaring Conjuration
 17248 | Temple   | XOM is BORED!
 17248 | Temple   | XOM: mild Conj miscast
 17263 | Temple   | XOM: divination: magic mapping
 17404 | Temple   | XOM: cloud trail
 17610 | Temple   | XOM: 2-stop teleportation journey
 17812 | Temple   | XOM: scenery: create altars
 18887 | Temple   | XOM: scenery: create altars
 18938 | Temple   | XOM: scenery: create altars
 19762 | Temple   | XOM: cloud trail
 21859 | Temple   | XOM: divination: detect creatures
 22569 | Temple   | XOM: god gift: scroll of recharging
 23690 | Temple   | XOM is BORED!
 23690 | Temple   | XOM: noise
 23747 | Temple   | XOM: divination: magic mapping
 23818 | Temple   | XOM: medium Ice miscast
 23940 | Temple   | XOM: god gift: sedimented green potion {god gift}
 23975 | Temple   | XOM: god gift: peridot ring {god gift}
 24735 | Temple   | XOM: harmless Erth miscast
 24740 | Temple   | XOM: god gift: 20 arrows
 25262 | Temple   | XOM is BORED!
 25262 | Temple   | XOM: noise
 25619 | Temple   | XOM: harmless Conj miscast
 25965 | Temple   | XOM: medium Erth miscast
 25965 | Temple   | XOM: smoke on damage
 26480 | Temple   | XOM is BORED!
 26733 | Temple   | XOM: noise
 28350 | Temple   | XOM: silly message
 28476 | Temple   | XOM: harmless Fire miscast
 29682 | Temple   | XOM: harmless Erth miscast
 29874 | Temple   | XOM: harmless Summ miscast
 30140 | Temple   | XOM: harmless Hex miscast
 30187 | Temple   | XOM: mild Erth miscast
 30412 | Temple   | XOM: mild Hex miscast
 30421 | Temple   | XOM: medium Fire miscast
 30468 | Temple   | XOM: harmless Ice miscast
 30744 | Temple   | XOM: harmless Summ miscast
 31570 | Temple   | XOM is BORED!
 31570 | Temple   | XOM: severe Conj miscast
 31980 | Temple   | XOM: 2-stop teleportation journey
 32452 | Temple   | XOM: scenery: create altars
 33007 | Temple   | XOM: mild Tmut miscast
 33211 | Temple   | XOM: mild Tloc miscast
 33429 | D:7      | XOM: harmless Ice miscast
 33719 | D:7      | XOM: cloud trail
 34044 | D:7      | XOM: god gift: scroll of teleportation
 34818 | Temple   | XOM: divination: detect items
 35061 | Temple   | XOM: god gift: wand of lightning (?/15) {god gift}
 35307 | Temple   | XOM: god gift: runed short sword {god gift}
 35477 | Temple   | XOM: cloud trail
 36134 | Temple   | XOM is BORED!
 36499 | Temple   | XOM: scenery: create altars
 36500 | Temple   | XOM: scenery: create altars
 36850 | Temple   | XOM: noise
 37722 | Temple   | XOM: medium Tmut miscast
 38009 | Temple   | XOM: harmless Conj miscast
 38379 | Temple   | XOM: harmless Ice miscast
 38732 | Temple   | XOM: noise
 38944 | Temple   | XOM is BORED!
 39406 | Temple   | XOM: medium Chrm miscast
 39761 | Temple   | XOM: harmless Pois miscast
 40271 | Temple   | XOM: cloud trail
 40553 | Temple   | XOM: scenery: create altars
 40587 | Temple   | XOM: cloud trail
 40713 | Temple   | XOM: medium Necr miscast
 41287 | D:7      | XOM: scenery: create altars
 42033 | D:7      | XOM: scenery: create altars
 42604 | D:7      | XOM: 1-stop teleportation journey
 42758 | D:7      | XOM: god gift: glowing dagger {god gift}
 43030 | D:7      | XOM: medium Summ miscast
 43031 | D:7      | Noticed a soul eater
 44038 | Temple   | XOM: severe Ice miscast
 44554 | Temple   | XOM: summons 1 hostile demon
 44769 | Temple   | XOM: mild Ice miscast
 44775 | Temple   | XOM: mild Ice miscast
 45172 | Temple   | XOM: harmless Ice miscast
 45210 | Temple   | XOM is BORED!
 45599 | Temple   | XOM: summons 4 hostile demons
 46754 | Temple   | XOM: god gift: scroll of teleportation
 47283 | Temple   | XOM: mild Tmut miscast
 48200 | Temple   | XOM: medium Tloc miscast
 48593 | Temple   | XOM: cloud trail
 49270 | Temple   | XOM: harmless Erth miscast
 49704 | Temple   | XOM: summons 1 hostile demon
 50666 | Temple   | XOM: noise
 51935 | Temple   | XOM: medium Hex miscast
 51948 | Temple   | XOM: god gift: scroll labeled BALACK GON JIE {god gift}
 52240 | Temple   | XOM: 6-stop teleportation journey
 53004 | Temple   | XOM: scenery: create altars
 53369 | Temple   | XOM is BORED!
 53369 | Temple   | XOM: medium Erth miscast
 53540 | Temple   | XOM: god gift: fluorescent wand {god gift}
 53761 | Temple   | XOM: god gift: 3 large rocks
 55020 | Temple   | XOM: harmless Necr miscast
 55125 | Temple   | XOM: silly message
 55602 | Temple   | XOM: divination: detect items
 55637 | Temple   | XOM: divination: magic mapping
 55833 | Temple   | XOM: god gift: forked bronze wand {god gift}
 56231 | Temple   | XOM: mild Fire miscast
 57814 | Temple   | XOM: scenery: create altars
 57907 | Temple   | XOM: mild Chrm miscast
 58269 | Temple   | XOM: medium Ice miscast
 59014 | Temple   | XOM: summons 1 hostile demon
 59749 | Temple   | XOM: mild Chrm miscast
 60092 | Temple   | XOM: mild Tmut miscast
 60849 | Temple   | XOM: god gift: wand of clouds (?/9) {god gift}
 61094 | Temple   | XOM: god gift: scroll of blinking
 61407 | Temple   | XOM: 1-stop teleportation journey
 62527 | Temple   | XOM is BORED!
 62527 | Temple   | XOM: mild Pois miscast
 62562 | Temple   | XOM: scenery: create altars
 62620 | Temple   | XOM: harmless Necr miscast
 62880 | Temple   | XOM: summons 4 hostile demons
 63617 | Temple   | XOM: medium Necr miscast
 64819 | Temple   | XOM: harmless Pois miscast
 65034 | Temple   | XOM is BORED!
 65520 | Temple   | XOM: harmless Fire miscast
 66099 | Temple   | XOM: scenery: create altars
 66370 | Temple   | Identified Xom's Incunabulum of Dramatic Exits (Xom gifted it to you in the Ecumenical Temple)
 66370 | Temple   | XOM: god gift: Xom's Incunabulum of Dramatic Exits
 66869 | Temple   | XOM: god gift: glowing ring mail {god gift}
 66975 | Temple   | XOM: cloud trail
 67022 | Temple   | XOM: summons 4 hostile demons
 67197 | Temple   | XOM: harmless Chrm miscast
 67898 | Temple   | XOM: harmless Ice miscast
 68010 | Temple   | XOM: mild Conj miscast
 68073 | Temple   | XOM is BORED!
 68073 | Temple   | XOM: medium Fire miscast
 68654 | Temple   | XOM: mild Chrm miscast
 69005 | Temple   | XOM: divination: detect creatures
 69171 | Temple   | XOM: god gift: 26 stones
 69870 | Temple   | XOM is BORED!
 70702 | Temple   | XOM: god gift: wand of acid (?/15) {god gift}
 70750 | Temple   | XOM: cloud trail
 71124 | Temple   | XOM: divination: detect creatures
 71159 | Temple   | XOM: 1-stop teleportation journey
 71752 | Temple   | XOM: divination: detect creatures
 71974 | Temple   | XOM: god gift: 44 gold pieces
 72247 | Temple   | XOM: noise
 72646 | Temple   | XOM: god gift: royal jelly
 72731 | Temple   | XOM: scenery: create altars
 72893 | Temple   | XOM: medium Fire miscast
 73964 | Temple   | XOM: medium Air miscast
 74687 | Temple   | XOM: god gift: potion of curing
 74846 | Temple   | XOM: god gift: book of Geomancy
 75327 | Temple   | XOM: cloud trail
 75466 | Temple   | XOM is BORED!
 75508 | Temple   | XOM: summons 2 hostile demons
 75514 | Temple   | Lost dexterity.
 76325 | Temple   | XOM: divination: detect creatures
 76481 | Temple   | XOM: harmless Erth miscast
 76497 | Temple   | XOM: severe Summ miscast
 76498 | Temple   | Noticed an Ice Fiend
 76540 | D:7      | Found an iron altar of Okawaru.
 76633 | D:7      | XOM: silly message
 76642 | D:7      | HP: 1/82 [electric eel/bolt of electricity (8)]
 76643 | D:7      | Killed from afar by an electric eel

Vault maps used:
D:1:      lightli_arrival_quake
D:2:      kb_forest_paths, first_bread, roderic_nine_men_s_morris
D:4:      serial_undead, serial_undead_d, serial_undead_b, serial_undead_d,
          serial_undead_a, bh_chokoban, minmay_strange_pillars
D:5:      hangedman_decor_lopped, uniq_duvessa, uniq_blork_the_orc
D:7:      kennysheep_okawaru_gauntlet, minmay_temple_entry_trees, minivault_14
Temple:   regret_index_temple_chain_breaker

Skill      XL: |  1  2  3  4  5  6  7  8 |
---------------+-------------------------+-----
Fighting       | 4 5 6 8 9 11 | 11.6
Axes           | 3 |  3.2
Armour         | |  1.5
Dodging        | |  0.7

Action                   |  1- 3 |  4- 6 |  7- 9 || total
-------------------------+-------+-------+-------++-------
Melee: Hand axe          |   151 |   100 |       ||   251
       Trident           |       |   168 |   246 ||   414
       Battleaxe         |       |       |    79 ||    79
Evoke: Wand              |       |       |     2 ||     2
  Use: Scroll            |     3 |     5 |     8 ||    16
 Stab: Confused          |       |     1 |       ||     1
Armor: Leather armour    |    32 |       |       ||    32
       Chain mail        |    39 |       |       ||    39
       Ice dragon scales |     7 |   180 |   386 ||   573
Dodge: Dodged            |    85 |   139 |   271 ||   495

Table legend:
 A = Spawn XP
 B = Non-spawn XP
 C = Spawn XP percentage of total XP
 D = Spawn monster count
 E = Non-spawn monster count
 F = Spawn count percentage of total count
 G = Total turns spent on level
                    A         B        C        D         E        F      G
               +---------+---------+-------+---------+---------+-------+---------
         Total |       0 |    2832 |   0.0 |       0 |     180 |   0.0 | 76643
               +---------+---------+-------+---------+---------+-------+---------
           D:1 |       0 |      47 |   0.0 |       0 |      26 |   0.0 |  1110
           D:2 |       0 |     114 |   0.0 |       0 |      40 |   0.0 |  1166
           D:3 |       0 |     242 |   0.0 |       0 |      34 |   0.0 |   530
           D:4 |       0 |     228 |   0.0 |       0 |      24 |   0.0 |   816
           D:5 |       0 |     940 |   0.0 |       0 |      17 |   0.0 |   971
           D:6 |       0 |     758 |   0.0 |       0 |      22 |   0.0 |   919
           D:7 |       0 |     503 |   0.0 |       0 |      17 |   0.0 |  5526
               +---------+---------+-------+---------+---------+-------+---------
